 Dungeon Crawl Stone Soup version 0.31-a0-702-gf82c85558f (webtiles) character file.

Game seed: 15396350530321724108

1141 qw the Skirmisher (level 8, -10/49 HPs)
             Began as a Gargoyle Hunter on Sept 7, 2023.
             Killed from afar by an oklob sapling (31 damage)
             ... with a splash of acid
             ... on level 4 of the Dungeon.
             The game lasted 00:01:36 (3020 turns).

qw the Skirmisher (Gargoyle Hunter)                 Turns: 3020, Time: 00:01:37

Health: -10/49     AC:  9    Str: 15    XL:     8   Next: 37%
Magic:  8/8        EV: 12    Int: 10    God:
Gold:   278        SH:  0    Dex: 21    Spells: 7/7 levels left

rFire   . . .        Y - +1 shortbow (freeze)
rCold   . . .        (shield currently unavailable)
rNeg    + . .        n - +0 ring mail
rPois   inf          a - +0 helmet
rElec   +            (no cloak)
rCorr   .            g - +0 pair of gloves
SInv    .            (no boots)
Will    .....        (no amulet)
Stlth   +            k - +6 ring of dexterity
HPRegen 0.28/turn    (no ring)
MPRegen 0.11/turn

%: no passive effects
@: corroded
A: sickness immunity, AC +5, negative energy resistance 1, electricity
resistance, torment resistance 1, petrification resistance
a: no special abilities


You were on level 4 of the Dungeon.
You visited 1 branch of the dungeon, and saw 7 of its levels.
You also visited: Ossuary.

You collected 278 gold pieces.


Innate Abilities, Weirdness & Mutations

You are immune to sickness and miasma.
Your stone body is resilient. (AC +5)
You are immune to poison.
You resist negative energy. (rN+)
You are resistant to electric shocks. (rElec)
You are resistant to unholy torment.
You are immune to petrification.


   Skills:
 - Level 5.1 Fighting
 + Level 8.8 Ranged Weapons
 - Level 2.4 Armour
 - Level 2.6 Dodging
 - Level 1.1 Stealth


You had 7 spell levels left.
You didn't know any spells.
Your spell library was empty.

Inventory:

Hand Weapons
 Y - a +1 shortbow of freezing (weapon)
Armour
 a - a +0 helmet (worn)
 g - a +0 pair of gloves (worn)
 n - a +0 ring mail (worn)
Jewellery
 k - a +6 ring of dexterity (left hand)
Scrolls
 b - a scroll of identify
Potions
 d - a potion of haste
 f - 3 potions of curing
 h - a potion of might
 i - a potion of ambrosia {unknown}
 j - a potion of invisibility {unknown}
 l - a potion of resistance {unknown}
 m - 2 potions of enlightenment

Dungeon Overview and Level Annotations

Branches:
Dungeon (7/15)             Temple (0/1) D:4         Ossuary (visited)

Altars:

Shops:
D:3 (

Annotations:
D:4 exclusion: oklob sapling


Message History

Found an escape hatch in the ceiling.
Found a stone staircase leading down.
Enter note:
Enter note: You shoot an arrow.
The arrow hits the plant!
The plant begins to die.
The arrow freezes the plant.
The plant is lightly damaged.
You shoot an arrow. The arrow hits the plant.
The arrow freezes the plant.
The plant is lightly damaged.
You shoot an arrow. The arrow hits the plant.
The arrow freezes the plant.
The plant is lightly damaged.
You shoot an arrow. The arrow hits the plant.
The arrow freezes the plant.
The plant is lightly damaged.
A nearby plant withers and dies.
You shoot an arrow. The arrow hits the oklob sapling!
The arrow freezes the oklob sapling.
The oklob sapling is heavily damaged.
The oklob sapling spits acid at you. The splash of acid hits you!!
The acid corrodes you!
You shoot an arrow.
The arrow hits the oklob sapling but does no damage.
The oklob sapling is heavily damaged.
You shoot an arrow.
The arrow hits the oklob sapling but does no damage.
The oklob sapling is heavily damaged.
You shoot an arrow.
The arrow hits the oklob sapling but does no damage.
The oklob sapling is heavily damaged.
The oklob sapling spits acid at you. The splash of acid misses you.
The splash of acid hits the plant!!
The plant begins to die.
The oklob sapling spits acid at you. The splash of acid hits you!
Enter note:
Enter note:
There is a staircase to the Ecumenical Temple here.
The oklob sapling spits acid at you. The splash of acid hits you!!
Ouch! That really hurt!
You die...

##. #..... .. ......
... ... .#....
#..####.##.....>
#.........P....
#...P.PPP......
#..PPPP.PP.%....
#..PPP@.P........
#...PP.PP(.......
#..P..PP.P.......
##....P............
..<.................
.##.......).........
#.................
##.
#....##.#.#.#.#...
...
...................


You could see an oklob sapling.

Vanquished Creatures
  Sigmund (D:4)
  An ogre (D:3)
  A phantom (D:4)
  2 elf zombies (Ossuary)
  A bullfrog (D:6)
  A scorpion (D:5)
  An electric eel (D:6)
  A centaur zombie (Ossuary)
  A hound (D:5)
  4 orc priests
  A human zombie (Ossuary)
  A gnoll bouda (D:5)
  2 iguanas (D:5)
  An orc wizard (D:6)
  2 mummies (Ossuary)
  3 gnolls
  5 adders
  2 adder zombies (Ossuary)
  3 dart slugs
  14 orcs
  8 ball pythons
  8 endoplasms
  4 giant cockroaches (D:1)
  2 goblins
  3 hobgoblins
  2 quokkas
  6 bats
  A frilled lizard (D:1)
  A goblin zombie (Ossuary)
  7 hobgoblin zombies (Ossuary)
  A jackal zombie (Ossuary)
  6 kobolds
  12 kobold zombies (Ossuary)
  8 orc zombies (Ossuary)
  4 rats
  2 rat zombies (Ossuary)
123 creatures vanquished.

Notes
Turn   | Place    | Note
-------+----------+-------------------------------------------
     0 | D:1      | qw the Gargoyle Hunter began the quest for the Orb.
     0 | D:1      | Reached XP level 1. HP: 12/12 MP: 1/1
     0 | D:1      | 0 ||| qw: Version: 0.3-a-76-g4403597
     0 | D:1      | 0 ||| qw: Game counter: 781
     0 | D:1      | 0 ||| qw: Melee chars always use a shield: true
     0 | D:1      | 0 ||| qw: God list: Okawaru
     0 | D:1      | 0 ||| qw: Allow faded altars: false
     0 | D:1      | 0 ||| qw: Do Orc after clearing Dungeon:15 true
     0 | D:1      | 0 ||| qw: Do second Lair branch before Depths: true
     0 | D:1      | 0 ||| qw: Lair rune preference: random
     0 | D:1      | 0 ||| qw: Goals: Normal
     0 | D:1      | 0 ||| PLANNING D:1-11
    89 | D:1      | Reached XP level 2. HP: 17/17 MP: 2/2
   164 | D:1      | Found a faded altar of an unknown god.
   339 | D:1      | Reached XP level 3. HP: 21/21 MP: 3/3
   346 | D:1      | Reached skill level 5 in Ranged Weapons
   700 | D:1      | 700 ||| UPGRADING to +0 pair of gloves.
   705 | D:1      | 705 ||| READING scroll labelled MAIHUUZXIFEMO.
   706 | D:1      | 706 ||| READING scroll labelled ITODIGHENWA.
   710 | D:1      | 710 ||| READING scroll labelled MEXUOF MYEBB.
   711 | D:1      | 711 ||| READING scroll labelled GIZECUCLEU.
   712 | D:1      | 712 ||| DRINKING 2 ruby potions.
   713 | D:1      | 713 ||| DROPPING scroll of butterflies.
   740 | D:2      | Reached skill level 3 in Fighting
   989 | D:2      | Reached XP level 4. HP: 28/28 MP: 4/4
  1366 | D:2      | 1366 ||| READING scroll labelled YTAEPSAUTH.
  1467 | D:2      | 1467 ||| READING scroll labelled BAEG XUCOENY.
  1468 | D:2      | 1468 ||| READING scroll labelled WUFRU TUCH.
  1614 | D:3      | Found Inoukk's Antique Weapon Shoppe.
  1806 | D:3      | Noticed an ogre
  1809 | D:3      | Killed an ogre
  1810 | D:3      | Reached skill level 6 in Ranged Weapons
  1810 | D:3      | Reached XP level 5. HP: 32/32 MP: 5/5
  2097 | D:3      | 2097 ||| UPGRADING to +6 ring of dexterity.
  2098 | D:3      | 2098 ||| READING scroll labelled MYIXTU KOAJIPLOCW.
  2099 | D:3      | 2099 ||| READING 3 scrolls of identify.
  2099 | D:3      | 2099 ||| IDENTIFYING cyan potion
  2100 | D:3      | 2100 ||| READING 2 scrolls of identify.
  2100 | D:3      | 2100 ||| IDENTIFYING fuming golden potion
  2124 | D:4      | Noticed a phantom
  2124 | D:4      | Found a sand-covered staircase.
  2125 | D:4      | 2125 ||| PLANNING OSSUARY
  2127 | D:4      | 2127 ||| STAIRDANCE
  2130 | D:4      | Killed a phantom
  2131 | D:4      | Reached XP level 6. HP: 35/37 MP: 6/6
  2152 | Ossuary  | Entered an ossuary
  2235 | Ossuary  | Reached skill level 1 in Armour
  2267 | Ossuary  | 2267 ||| RETREATING.
  2297 | Ossuary  | Reached XP level 7. HP: 37/43 MP: 7/7
  2363 | Ossuary  | Reached skill level 7 in Ranged Weapons
  2470 | Ossuary  | 2470 ||| DRINKING 3 metallic purple potions.
  2484 | D:4      | 2484 ||| PLANNING D:1-11
  2510 | D:4      | Noticed Sigmund
  2522 | D:4      | Killed Sigmund
  2554 | D:4      | You fall into a shaft and drop 3 floors!
  2555 | D:7      | 2555 ||| UPGRADING to +0 ring mail.
  2565 | D:7      | 2565 ||| DROPPING +0 leather armour.
  2566 | D:7      | 2566 ||| READING scroll labelled ROJIBY XOSU.
  2585 | D:6      | Reached skill level 8 in Ranged Weapons
  2622 | D:6      | HP: 8/43 [orc priest/divine providence (12)]
  2623 | D:6      | 2623 ||| READING scroll of teleportation.
  2624 | D:6      | 2624 ||| DRINKING 3 potions of heal wounds.
  2628 | D:6      | HP: 5/44 [orc priest/divine providence (14)]
  2629 | D:6      | 2629 ||| DRINKING 2 potions of heal wounds.
  2663 | D:6      | 2663 ||| FLEEEEING.
  2664 | D:6      | 2664 ||| FLEEEEING.
  2665 | D:6      | 2665 ||| FLEEEEING.
  2666 | D:6      | 2666 ||| FLEEEEING.
  2667 | D:6      | 2667 ||| FLEEEEING.
  2668 | D:6      | 2668 ||| FLEEEEING.
  2669 | D:6      | 2669 ||| STAIRDANCE
  2670 | D:5      | Entered Level 5 of the Dungeon
  2676 | D:5      | Reached XP level 8. HP: 42/49 MP: 8/8
  2752 | D:5      | 2752 ||| RETREATING.
  2764 | D:5      | 2764 ||| Stepping ~*~*~tactically~*~*~ (retreating).
  2765 | D:5      | 2765 ||| Stepping ~*~*~tactically~*~*~ (retreating).
  2766 | D:5      | 2766 ||| Stepping ~*~*~tactically~*~*~ (retreating).
  2767 | D:5      | 2767 ||| Stepping ~*~*~tactically~*~*~ (retreating).
  2773 | D:5      | HP: 6/49 [orc priest/divine providence (10)]
  2774 | D:5      | 2774 ||| DRINKING potion of heal wounds.
  2947 | D:5      | 2947 ||| UPGRADING to +0 helmet.
  2952 | D:5      | 2952 ||| READING scroll labelled IDEIRAWK WEUCK.
  2953 | D:5      | 2953 ||| READING scroll labelled FESOFE JAORCHY.
  2971 | D:5      | 2971 ||| FLEEEEING.
  2977 | D:5      | 2977 ||| STAIRDANCE
  3002 | D:4      | Found a staircase to the Ecumenical Temple.
  3003 | D:4      | 3003 ||| PLANNING TEMPLE
  3003 | D:4      | 3003 ||| READING 2 scrolls of identify.
  3003 | D:4      | 3003 ||| IDENTIFYING metallic red potion
  3020 | D:4      | Killed from afar by an oklob sapling

Levels and vault maps discovered:
D:1:      minmay_arrival_jagged, layout_basic,
          dreamdust_ecumenical_altar_statues
D:2:      layout_loops_ring, minivault_4
D:3:      layout_loops_cross, serial_shops, nicolae_shop_crystal
D:4:      layout_rooms, minmay_temple_entry_oklob, serial_shops, shop,
          enter_ossuary_3, uniq_sigmund
D:5:      layout_basic, zin_statuary, mainiacjoe_overflow_cross_hatched
D:6:      layout_cave_pods, mainiacjoe_overflow_catwalk_spiral, serial_bayou,
          serial_bayou_lake_a, serial_bayou_ford_a, serial_bayou_shore_a,
          serial_bayou_pond_c, serial_bayou_pond_e, serial_bayou_pond_e,
          uniq_menkaure
D:7:      layout_loops_ring, serial_shops, nicolae_shop_statue_plus, shop,
          grunt_ministairs_7, hangedman_misty_isle, uniq_prince_ribbit1

Skill      XL: |  1  2  3  4  5  6  7  8 |
---------------+-------------------------+-----
Ranged Weapons | 5 6 8 |  8.8
Fighting       | 3 4 5 |  5.1
Dodging        | 2 |  2.6
Armour         | 1 2 |  2.4
Stealth        | |  1.1

Action                     |  1- 3 |  4- 6 |  7- 9 || total
---------------------------+-------+-------+-------++-------
   Fire: Shortbow          |    91 |   146 |   164 ||   401
    Use: Scroll            |     4 |     6 |     5 ||    15
         Potion            |     1 |       |     4 ||     5
 Armour: Leather armour    |    14 |    36 |    18 ||    68
         Ring mail         |       |       |    29 ||    29
  Dodge: Dodged            |    19 |    32 |    40 ||    91

Table legend:
 A = Non-vault XP
 B = Vault XP
 C = Vault XP percentage of total XP
 D = Non-vault monster count
 E = Vault monster count
 F = Vault count percentage of total count
                 A         B        C        D         E       F
            +---------+---------+-------+---------+---------+-------
      Total |    1047 |     584 |  35.8 |      83 |      40 |  32.5
            +---------+---------+-------+---------+---------+-------
        D:1 |      57 |       0 |   0.0 |      26 |       0 |   0.0
        D:2 |      37 |       0 |   0.0 |      13 |       0 |   0.0
        D:3 |     177 |       0 |   0.0 |      14 |       0 |   0.0
        D:4 |     130 |     226 |  63.5 |       8 |       1 |  11.1
        D:5 |     417 |       0 |   0.0 |      15 |       0 |   0.0
        D:6 |     229 |       0 |   0.0 |       7 |       0 |   0.0
    Ossuary |       0 |     358 | 100.0 |       0 |      39 | 100.0
            +---------+---------+-------+---------+---------+-------
